 Dungeon Crawl Stone Soup version 0.28-a0-445-g51f8dfeb47 (webtiles) character file.

Game seed: 8613219774521540918

28 Kangaroobicon the Skirmisher (level 2, 0/26 HPs)
             Began as a Draconian Berserker on Sept 13, 2021.
             Was a Follower of Trog.
             Slain by a goblin (2 damage)
             ... led by Robin
             ... on level 2 of the Dungeon.
             The game lasted 00:08:36 (784 turns).

Kangaroobicon the Skirmisher (Draconian Berserker)   Turns: 784, Time: 00:08:38

Health: 0/26       AC:  4    Str: 19    XL:     2   Next: 96%
Magic:  2/2        EV: 12    Int:  7    God:    Trog [*.....]
Gold:   4          SH:  0    Dex: 10    Spells: 1/1 levels left

rFire   . . .      SeeInvis .   a - +0 mace
rCold   . . .      Faith    .   (no shield)
rNeg    . . .      Spirit   .   (armour unavailable)
rPois   .          Reflect  .   (helmet restricted)
rElec   .          Harm     .   (no cloak)
rCorr   .          Rampage  .   (no gloves)
Will    .....                   (no boots)
Stlth   +.........              (no amulet)
HPRegen 0.08/turn               (no ring)
MPRegen 0.08/turn               (no ring)

@: lethally poisoned (0 -> -4), about to teleport
A: AC +4, unfitting armour, cold-blooded
a: Renounce Religion, Berserk


You were on level 2 of the Dungeon.
You worshipped Trog.
Trog was aware of your devotion.
You visited 1 branch of the dungeon, and saw 2 of its levels.

You collected 44 gold pieces.
You spent 40 gold pieces at shops.

Inventory:

Hand Weapons
 a - a +0 mace (weapon)
 g - a +0 hunting sling
Missiles
 c - 75 stones (quivered)
Scrolls
 b - a scroll of fog
 e - a scroll of vulnerability {unknown}
 f - a scroll of magic mapping {unknown}
Potions
 h - 2 potions of haste {unknown}


   Skills:
 + Level 3.6 Fighting
 + Level 3.5 Maces & Flails
 + Level 3.1 Dodging


You had one spell level left.
You didn't know any spells.
Your spell library was empty.

Dungeon Overview and Level Annotations

Branches:
Dungeon (2/15)

Altars:

Shops:
D:1 ?

Annotations:
D:2 Robin


Innate Abilities, Weirdness & Mutations

Your plain brown scales are hard. (AC +4)
You cannot fit into any form of body armour.
You are cold-blooded and may be slowed by cold attacks.


Message History

Robin says, "My goblins will feast on your bones."
You thump the worm!
The worm is severely wounded.
The worm barely misses you.
You hit the worm.
You kill the worm!
Trog accepts your kill. The goblin hits you but does no damage.
Robin throws the goblin at you!
You closely miss the goblin. The goblin barely misses you.
The goblin hits you with a +0 dagger. The goblin barely misses you. x2
You hit the goblin.
The goblin is heavily wounded.
The goblin barely misses you. The goblin hits you with a +0 dagger.
You hit the goblin.
You kill the goblin!
Trog accepts your kill. The goblin barely misses you.
You closely miss the goblin. The goblin closely misses you.
The goblin hits you with a +0 club.
* * * LOW HITPOINT WARNING * * *
You hit the goblin.
The goblin is moderately wounded.
The goblin hits you but does no damage.
You are lethally poisoned!
The goblin completely misses you. The goblin barely misses you.
The goblin misses you.
You hit the goblin.
You kill the goblin!
Trog accepts your kill.
* * * LOW HITPOINT WARNING * * *
You feel sick.
A ball python comes into view.
A dart slug comes into view.
The goblin hits you but does no damage. The goblin closely misses you.
As you read the scroll of teleportation, it crumbles to dust.
You feel strangely unstable.
* * * LOW HITPOINT WARNING * * *
You feel sick.
The goblin no longer looks unusually strong. x3
The goblin hits you with a +0 club.
You die... #### ..# #g# #@# ##g## #ggg# #.gggg#

#.#...#
.......#
##....w..
#........
#........#


You could see Robin, a dart slug, 2 hobgoblins and 6 goblins.

Vanquished Creatures
  A worm (D:2)
  A dart slug (D:1)
  A ball python (D:1)
  A bat (D:1)
  An endoplasm (D:1)
  A giant cockroach (D:1)
  4 goblins
  3 hobgoblins (D:1)
  2 jackals (D:1)
  A frilled lizard (D:1)
  2 kobolds (D:1)
  A rat (D:1)
19 creatures vanquished.

Notes
Turn   | Place    | Note
-------+----------+-------------------------------------------
     0 | D:1      | Kangaroobicon the Draconian Berserker began the quest for
                  | the Orb.
     0 | D:1      | Reached XP level 1. HP: 19/19 MP: 1/1
   109 | D:1      | Reached XP level 2. HP: 23/26 MP: 2/2
   184 | D:1      | Found a faded altar of an unknown god.
   467 | D:1      | Found Gyotza's Magic Scroll Boutique.
   716 | D:1      | Bought a scroll of identify for 20 gold pieces
   716 | D:1      | Bought a scroll of identify for 20 gold pieces
   771 | D:2      | Noticed Robin
   784 | D:2      | Slain by a goblin

Illustrated notes

Levels and vault maps discovered:
D:1:      psy_arrival_terrarium, layout_rooms,
          hellmonk_ecumenical_altar_arch_garden, serial_shops,
          nicolae_shop_stone, grunt_decor_fettered
D:2:      layout_loops_ring, st_stairs_6, serial_bayou_pond_a, uniq_robin,
          uniq_jessica

Skill      XL: |  1  2 |
---------------+-------+-----
Dodging        | 3 |  3.1
Fighting       | |  3.6
Maces & Flails | |  3.5

Action                   || total
-------------------------++-------
Melee: Mace              ||    50
       Tailslap          ||     7
Throw: Stone             ||    24
  Use: Scroll            ||     3
Armor: Skin              ||    18
Dodge: Dodged            ||    45

Table legend: (Time is in decaauts)
 A = Elapsed time spent in this place.
 B = Non-inter-level travel time spent in this place.
 C = Inter-level travel time spent in this place.
 D = Time resting spent in this place.
 E = Time spent auto-exploring this place.
 F = Levels seen in this place.
 G = Mean time per level.
                   A        B        C        D        E       F      G
               +--------+--------+--------+--------+--------+-----+--------+
         Total |    802 |    802 |      0 |     21 |    220 |   2 |  401.0 |
       Dungeon |    802 |    802 |      0 |     21 |    220 |   2 |  401.0 |
               +--------+--------+--------+--------+--------+-----+--------+

Top non-repeatable levels by time:
     D:1: 787 daAuts
     D:2: 14 daAuts
